 Dungeon Crawl Stone Soup version 0.30-a0-983-g7e3032bf44 (webtiles) character file.

Game seed: 13458363201804889066

354 Drevant2 the Cudgeller (level 6, -1/44 (51) HPs)
             Began as a Gnoll Reaver on Apr 1, 2023.
             Was an Initiate of Nemelex Xobeh.
             Shot with an arrow by a centaur (10 damage)
             ... on level 5 of the Dungeon.
             The game lasted 00:06:54 (4465 turns).

Drevant2 the Cudgeller (Gnoll Reaver)               Turns: 4465, Time: 00:06:55

HP:   -1/44 (51)    AC:  3    Str: 11      XL:     6   Next: 63%
MP:   14/14         EV: 12    Int: 14 (15) God:    Nemelex Xobeh [......]
Gold: 147           SH:  0    Dex: 10      Spells: 14/15 levels left

rFire   . . .      SeeInvis .    t - +0 flail
rCold   . . .      Faith    .    (no shield)
rNeg    . . .      Spirit   .    b - +0 leather armour
rPois   .          Reflect  .    (no helmet)
rElec   .          Rampage  .    (no cloak)
rCorr   .                        (no gloves)
Will    +....                    (no boots)
Stlth   ++                       (no amulet)
HPRegen 0.27/turn                p - ring of willpower
MPRegen 0.14/turn                (no ring)

@: heavily drained
A: fangs 1, strong nose, distributed training
a: Renounce Religion, Draw Escape, Draw Destruction, Draw Summoning


You were on level 5 of the Dungeon.
You worshipped Nemelex Xobeh.
Nemelex Xobeh was noncommittal.
You visited 1 branch of the dungeon, and saw 5 of its levels.

You collected 147 gold pieces.

Inventory:

Hand Weapons
 a - a +0 mace
 t - a +0 flail (weapon)
Armour
 b - a +0 leather armour (worn)
Jewellery
 k - an amulet of faith
 p - a ring of willpower (left hand)
Scrolls
 d - 4 scrolls of identify {unknown}
 g - a scroll of vulnerability {unknown}
 i - 6 scrolls of fog {unknown}
 j - 2 scrolls of enchant weapon {unknown}
 l - a scroll of immolation {unknown}
 n - a scroll of blinking {unknown}
 o - 4 scrolls of teleportation {unknown}
 s - 2 scrolls of poison {unknown}
 u - 2 scrolls of noise {unknown}
 x - a scroll of enchant armour {unknown}
Potions
 c - a potion of haste
 e - a potion of invisibility {unknown}
 f - 2 potions of degeneration
 h - 2 potions of flight {unknown}
 m - 3 potions of heal wounds
 q - 2 potions of attraction {unknown}
 r - 2 potions of lignification {unknown}
 v - a potion of berserk rage {unknown}
 w - 2 potions of brilliance {unknown}
 z - a potion of curing


   Skills:
 + Level 5.0 Fighting
 + Level 2.1 Short Blades
 + Level 2.1 Long Blades
 + Level 2.1 Axes
 + Level 6.9 Maces & Flails
 + Level 2.1 Polearms
 + Level 2.1 Staves
 + Level 2.1 Ranged Weapons
 + Level 2.1 Throwing
 + Level 2.1 Armour
 + Level 5.0 Dodging
 + Level 2.1 Stealth
 + Level 2.1 Shields
 + Level 2.1 Unarmed Combat
 + Level 5.4 Spellcasting
 + Level 5.7 Conjurations
 + Level 1.7 Hexes
 + Level 1.7 Summonings
 + Level 1.7 Necromancy
 + Level 1.7 Translocations
 + Level 1.7 Transmutations
 + Level 1.7 Fire Magic
 + Level 1.7 Ice Magic
 + Level 1.7 Air Magic
 + Level 1.7 Earth Magic
 + Level 1.7 Poison Magic
 + Level 2.3 Invocations
 + Level 2.1 Evocations


You had 14 spell levels left.
You knew the following spells:

 Your Spells              Type           Power      Damage    Failure   Level
a - Kiss of Death         Conj/Necr      56%        2d9       4%          1

Your spell library contained the following spells:

 Spells                   Type           Power      Damage    Failure   Level
 Momentum Strike          Conj/Tloc      28%        3d8       7%          2
 Sandblast                Erth           16%        2d6       11%         1
 Hailstorm                Conj/Ice       14%        3d5       14%         3
 Stone Arrow              Conj/Erth      28%        3d8       14%         3
 Cigotuvi's Dreadful Rot  Necr/Pois/Air  16%        N/A       16%         2
 Passwall                 Tmut/Erth      6%         N/A       16%         2
 Poisonous Vapours        Pois/Air       16%        N/A       16%         2
 Mephitic Cloud           Conj/Pois/Air  12%        N/A       19%         3
 Inner Flame              Hex/Fire       8%         N/A       32%         3
 Animate Armour           Summ/Erth      16%        N/A       71%         4
 Cause Fear               Hex            4%         N/A       71%         4
 Blade Hands              Tmut           4%         N/A       96%         5
 Iron Shot                Conj/Erth      7%         9d2       100%        6
 Discord                  Hex            4%         N/A       100%        8


Dungeon Overview and Level Annotations

Branches:
Dungeon (5/15)
 Temple: D:4-7

Altars:
Nemelex Xobeh
Wu Jian
Yredelemnul
The Shining One

Shops:
D:4 (

Annotations:
D:5 Grinder


Innate Abilities, Weirdness & Mutations

You have very sharp teeth.
Your uncanny sense of smell can sniff out nearby items.
Your experience applies equally to all skills.


Message History

No target in view!
Items here: ( ) [ †.
You start resting.
HP restored.
You start waiting.
Grinder is nearby!
Grinder is nearby!
Grinder is nearby!
Grinder is nearby!
Grinder shouts!
Grinder gestures at you. You resist with almost no effort.
Grinder gestures at you. You resist with almost no effort.
Things that are here:
a +2 short sword of electrocution; 12 gold pieces; an orc corpse
There is a stone staircase leading up here.
You climb upwards.
There is a stone staircase leading down here.
There is a stone staircase leading down here.
You climb downwards.
Level annotation: Grinder
There is a stone staircase leading up here.
You now have 147 gold pieces (gained 15).
A centaur comes into view.
Found a hand axe.
The centaur wields a +0 shortbow.
The centaur shoots an arrow.
The arrow hits you!
The centaur shoots an arrow.
The arrow hits you!
* * * LOW HITPOINT WARNING * * *
The centaur shoots an arrow.
The arrow hits you.
* * * LOW HITPOINT WARNING * * *
The centaur shoots an arrow.
The arrow closely misses you.
The centaur shoots an arrow.
The arrow hits you!
* * * LOW HITPOINT WARNING * * *
The centaur shoots an arrow.
The arrow hits you.
* * * LOW HITPOINT WARNING * * *
The centaur shoots an arrow.
The arrow hits you!
You die...
Your body disappears without a glow.

#### #### #####....#
...############...)....#
................@.c....#
.................##....#
...############### ###
...# ...# #..# ##.# #.#


You could see a centaur.

Vanquished Creatures
  A scorpion (D:4)
  A howler monkey (D:4)
  Jessica (D:2)
  An iguana (D:4)
  A sleepcap (D:4)
  An orc wizard (D:4)
  7 adders
  An ufetubus (D:5)
  2 worms (D:2)
  9 orcs
  6 ball pythons
  4 bats
  7 endoplasms
  4 giant cockroaches
  8 goblins
  6 hobgoblins
  5 kobolds
  4 quokkas
  2 frilled lizards (D:1)
71 creatures vanquished.

Notes
Turn   | Place    | Note
-------+----------+-------------------------------------------
     0 | D:1      | Drevant2 the Gnoll Reaver began the quest for the Orb.
     0 | D:1      | Reached XP level 1. HP: 20/20 MP: 6/6
   135 | D:1      | Reached XP level 2. HP: 26/26 MP: 7/7
   452 | D:2      | Reached skill level 5 in Spellcasting
   452 | D:2      | Reached XP level 3. HP: 31/31 MP: 7/9
   962 | D:2      | Noticed Jessica
   967 | D:2      | Killed Jessica
   968 | D:2      | Reached skill level 1 in Short Blades
   968 | D:2      | Reached skill level 1 in Long Blades
   968 | D:2      | Reached skill level 1 in Axes
   968 | D:2      | Reached skill level 1 in Polearms
   968 | D:2      | Reached skill level 1 in Staves
   968 | D:2      | Reached skill level 1 in Ranged Weapons
   968 | D:2      | Reached skill level 1 in Throwing
   968 | D:2      | Reached skill level 1 in Armour
   968 | D:2      | Reached skill level 1 in Stealth
   968 | D:2      | Reached skill level 1 in Shields
   968 | D:2      | Reached skill level 1 in Unarmed Combat
   968 | D:2      | Reached skill level 1 in Invocations
   968 | D:2      | Reached skill level 1 in Evocations
   972 | D:2      | Reached XP level 4. HP: 19/36 MP: 11/11
  1543 | D:2      | Reached skill level 1 in Hexes
  1543 | D:2      | Reached skill level 1 in Summonings
  1543 | D:2      | Reached skill level 1 in Necromancy
  1543 | D:2      | Reached skill level 1 in Translocations
  1543 | D:2      | Reached skill level 1 in Transmutations
  1543 | D:2      | Reached skill level 1 in Fire Magic
  1543 | D:2      | Reached skill level 1 in Ice Magic
  1543 | D:2      | Reached skill level 1 in Air Magic
  1543 | D:2      | Reached skill level 1 in Earth Magic
  1543 | D:2      | Reached skill level 1 in Poison Magic
  1833 | D:3      | Found a basalt altar of Yredelemnul.
  1869 | D:3      | Reached XP level 5. HP: 40/43 MP: 12/12
  2144 | D:3      | Found a sparkling altar of Nemelex Xobeh.
  2144 | D:3      | Found an ornate altar of the Wu Jian Council.
  2148 | D:3      | Became a worshipper of Nemelex Xobeh the Trickster
  2300 | D:4      | Found a glowing golden altar of the Shining One.
  3008 | D:4      | Reached XP level 6. HP: 44/50 MP: 13/13
  3195 | D:4      | Found Cauhi's Antique Weapon Shop.
  3239 | D:4      | Reached skill level 5 in Fighting
  3239 | D:4      | Reached skill level 5 in Dodging
  3731 | D:5      | Entered Level 5 of the Dungeon
  3732 | D:5      | Noticed Grinder
  4465 | D:5      | Shot with an arrow by a centaur

Illustrated notes

Levels and vault maps discovered:
D:1:      elethiomel_arrival_shortcut, layout_rooms
D:2:      layout_rooms, uniq_jessica
D:3:      wander_river, layout_rooms, gammafunk_temple_overflow_elements,
          mainiacjoe_overflow_surrounded_room
D:4:      layout_loops_ring, tso_oasis_becter, kennysheep_windowed_goal
D:5:      layout_rooms, uniq_grinder

Skill      XL: |  1  2  3  4  5  6 |
---------------+-------------------+-----
Spellcasting   | 5 |  5.4
Short Blades   | 1 2 |  2.1
Long Blades    | 1 2 |  2.1
Axes           | 1 2 |  2.1
Polearms       | 1 2 |  2.1
Staves         | 1 2 |  2.1
Ranged Weapons | 1 2 |  2.1
Throwing       | 1 2 |  2.1
Armour         | 1 2 |  2.1
Stealth        | 1 2 |  2.1
Shields        | 1 2 |  2.1
Unarmed Combat | 1 2 |  2.1
Invocations    | 1 2 |  2.3
Evocations     | 1 2 |  2.1
Hexes          | 1 |  1.7
Summonings     | 1 |  1.7
Necromancy     | 1 |  1.7
Translocations | 1 |  1.7
Transmutations | 1 |  1.7
Fire Magic     | 1 |  1.7
Ice Magic      | 1 |  1.7
Air Magic      | 1 |  1.7
Earth Magic    | 1 |  1.7
Poison Magic   | 1 |  1.7
Fighting       | 5 |  5.0
Dodging        | 5 |  5.0
Maces & Flails | |  6.9
Conjurations   | |  5.7

Action                     |  1- 3 |  4- 6 || total
---------------------------+-------+-------++-------
  Melee: Mace              |    55 |    51 ||   106
         Bite              |     3 |    24 ||    27
         Flail             |       |   178 ||   178
         Punch             |       |     2 ||     2
   Cast: Kiss of Death     |     1 |     1 ||     2
    Use: Potion            |       |     7 ||     7
   Stab: Sleeping          |       |     1 ||     1
 Armour: Leather armour    |    12 |    59 ||    71
  Dodge: Dodged            |    32 |   169 ||   201

Table legend: (Time is in decaauts)
 A = Elapsed time spent in this place.
 B = Non-inter-level travel time spent in this place.
 C = Inter-level travel time spent in this place.
 D = Time resting spent in this place.
 E = Time spent auto-exploring this place.
 F = Levels seen in this place.
 G = Mean time per level.
                   A        B        C        D        E       F      G
               +--------+--------+--------+--------+--------+-----+--------+
         Total |   4499 |   4156 |    343 |   1655 |   1828 |   5 |  899.8 |
       Dungeon |   4499 |   4156 |    343 |   1655 |   1828 |   5 |  899.8 |
               +--------+--------+--------+--------+--------+-----+--------+

Top non-repeatable levels by time:
     D:4: 1877 daAuts
     D:2: 1351 daAuts
     D:3: 534 daAuts
     D:1: 405 daAuts
     D:5: 331 daAuts
